 Dungeon Crawl Stone Soup version 0.14-a0-3154-g428849b (webtiles) character file.

231 Mitsuki the Shield-Bearer (level 3, -3/31 HPs)
             Began as a Minotaur Fighter on Feb 12, 2014.
             Slain by an iguana (10 damage)
             ... on Level 3 of the Dungeon on Mar 9, 2014.
             The game lasted 00:05:16 (1520 turns).

Mitsuki the Shield-Bearer (Minotaur Fighter)        Turns: 1520, Time: 00:05:16

HP  -3/31        AC  6     Str 21      XL: 3   Next: 58%
MP   2/2         EV  7     Int  5      God:
Gold 180         SH 19     Dex  9      Spells:  0 memorised,  2 levels left

rFire  . . .     SeeInvis .     a - +0 hand axe
rCold  . . .     Clarity  .     b - +0 scale mail
rNeg   . . .     Conserve .     c - +0 shield
rPois  .         rCorr    .     (helmet restricted)
rElec  .         rRot     .     (no cloak)
SustAb . .       Spirit   .     (no gloves)
rMut   .         Warding  .     (no boots)
Saprov . . .     Stasis   .     (no amulet)
MR     .....                    (no ring)
                                (no ring)

@: not resistant to hostile enchantments, extremely unstealthy
A: retaliatory headbutt, horns 2
a: no special abilities


You were on level 3 of the Dungeon.
You were hungry.

You visited 1 branch of the dungeon, and saw 3 of its levels.

You collected 180 gold pieces.

Inventory:

Hand weapons
 a - a +0,+0 hand axe (weapon)
Armour
 b - a +0 scale mail (worn)
 c - a +0 shield (worn)
Comestibles
 d - 4 bread rations
 f - a meat ration
 j - a choko
 t - a chunk of hobgoblin flesh
Scrolls
 e - 3 scrolls of remove curse {unknown}
 h - a scroll of amnesia {unknown}
 i - 2 scrolls of random uselessness {unknown}
 k - a scroll of noise {unknown}
 l - 2 scrolls of blinking {unknown}
 p - a scroll of fog {unknown}
 q - 2 scrolls of identify {unknown}
 u - a scroll of recharging {unknown}
Jewellery
 r - an uncursed ring of protection from magic {unknown}
Potions
 g - 2 potions of curing {unknown}
 m - a potion of restore abilities {unknown}
 n - 2 potions of poison {unknown}
 o - 2 potions of magic {unknown}
 s - a potion of invisibility {unknown}
 v - 2 potions of heal wounds {unknown}
 w - a potion of brilliance {unknown}
 x - a potion of resistance {unknown}


   Skills:
 - Level 3.6 Fighting
 + Level 3.2 Axes
 - Level 3.6 Armour
 + Level 5.1 Shields


You had 2 spell levels left.
You didn't know any spells.

Dungeon Overview and Level Annotations

Branches:
Dungeon (3/16)

Altars:


Innate Abilities, Weirdness & Mutations

You reflexively headbutt those who attack you in melee.
You have a pair of horns on your head.


Message History

The iguana is heavily wounded.
The iguana bites you!
* * * LOW HITPOINT WARNING * * *
You are too injured to fight recklessly!
You are too injured to fight recklessly!
You are too injured to fight recklessly!
You are feeling hungry.
You hit the iguana but do no damage.
The iguana is heavily wounded.
The iguana bites you.
* * * LOW HITPOINT WARNING * * *
You hit the iguana. Your headbutt misses the iguana.
The iguana is severely wounded.
The iguana closely misses you. You furiously retaliate!
You headbutt the iguana, but do no damage.
The iguana bites you but does no damage.
You hit the iguana but do no damage.
The iguana is severely wounded.
The iguana bites you!
You die...

#.# #.# #........#.#
###.####.###........#.#
....................#.#
###.####.###........#)# ....#
#.# #........#.# ##### #.#
#........#.# #.# #........#.#
########.######.#####.##########
................@..............#
#######....####l#####..........#
#######....####.### #..........#
..................# #....%....<#
......)....####...# #..........#
#######....# #...# #..........#
###### #...# #..........# #...#
#..........# #...# ############


You could see an iguana.

Vanquished Creatures
  2 adders (D:2)
  An ooze (D:2)
  3 goblins (D:1)
  11 hobgoblins
  2 bats
  3 giant cockroaches
  3 giant newts
  3 kobolds
  5 rats
33 creatures vanquished.

Notes
Turn   | Place    | Note
--------------------------------------------------------------
     0 | D:1      | Mitsuki, the Minotaur Fighter, began the quest for the Orb.
     0 | D:1      | Reached XP level 1. HP: 19/19 MP: 1/1
   104 | D:1      | Reached skill level 4 in Shields
   255 | D:1      | Reached XP level 2. HP: 24/26 MP: 1/1
   335 | D:1      | Upgraded the game from 0.14-a0-2592-g262d02f to 0.14-a0-3154-g428849b
   690 | D:2      | Reached XP level 3. HP: 16/31 MP: 2/2
   976 | D:2      | Reached skill level 5 in Shields
  1520 | D:3      | Slain by an iguana

Action                   || total
-------------------------++-------
Melee: Hand axe          ||    99
